 Dungeon Crawl Stone Soup version 0.30-b1-2-g02819fbbbe (webtiles) character file.

Game seed: 6183427795888850431

135359 Fartwhistle the Alchemist (level 17, -11/189 HPs)
             Began as an Octopode Transmuter on May 25, 2023.
             Was the Champion of Cheibriados.
             Mangled by an eleionoma (16 damage)
             ... on level 3 of the Swamp.
             The game lasted 01:40:57 (31353 turns).

Fartwhistle the Alchemist (Octopode Transmuter)    Turns: 31353, Time: 01:40:57

Health: -11/189    AC: 16    Str: 53    XL:     17   Next: 19%
Magic:  20/32      EV: 23    Int: 40    God:    Cheibriados [******]
Gold:   624        SH:  0    Dex: 29    Spells: 12/38 levels left

rFire   + +          +
                       - Unarmed
rCold   x . .        (shield currently unavailable)
rNeg    . . .        y - melded +1 hat of Nuoluqint {rN+ Int+3}
rPois   +            f - amulet of faith
rElec   +            b - +5 ring of evasion
rCorr   .            t - ring of fire
SInv    .            F - ring of ice
Will    +....        a - +5 ring of evasion
Stlth   ++           d - ring of poison resistance
HPRegen 0.51/turn    Y - +6 ring of strength
MPRegen 0.23/turn    m - ring "Sestroho" {rElec rF+ Str+6 Int+4}
                     Z - +6 ring of strength

%: faith
@: dragon-form, flying, constricted, very slow
A: dragon claw, dragon scales, breathe fire, flying, boosted hp, almost no
armour, amphibious, 8 rings, giant, (camouflage 1), (gelatinous body 1), (nimble
swimmer 1), (tentacles)
a: Breathe Fire, End Transformation, Renounce Religion, Bend Time, Temporal
Distortion, Slouch, Step From Time


You were on level 3 of the Swamp.
You worshipped Cheibriados.
Cheibriados was exalted by your worship.
You were a fearsome dragon!
You visited 5 branches of the dungeon, and saw 26 of its levels.
You visited the Abyss 2 times.
You also visited: Trove and Gauntlet.

You collected 2057 gold pieces.
You spent 1433 gold pieces at shops.

Inventory:

Missiles
 N - 5 throwing nets
 S - 15 curare-tipped darts
Armour
 y - the +1 hat of Nuoluqint (melded) {rN+ Int+3}
   (You acquired it on level 2 of the Swamp)

   Int:       It affects your intelligence (+3).
   rN:        It protects you from negative energy.
Jewellery
 a - a +5 ring of evasion (on tentacle)
 b - a +5 ring of evasion (left foreclaw)
 d - a ring of poison resistance (on tentacle)
 f - an amulet of faith (around neck)
 m - the ring "Sestroho" (on tentacle) {rElec rF+ Str+6 Int+4}
   (You bought it in a shop on level 10 of the Dungeon)

   [ring of strength]

   Str:       It affects your strength (+6).
   Int:       It affects your intelligence (+4).
   rF:        It protects you from fire.
   rElec:     It insulates you from electricity.
 t - a ring of fire (right foreclaw)
 v - a ring of fire
 F - a ring of ice (on tentacle)
 M - an amulet of the acrobat
 O - the ring of the Blind Eye {+Blink rF+ rN+++ Str-5 Slay-4}
   (You found it in a Gauntlet)

   [ring of protection from fire]

   Str:       It affects your strength (-5).
   Slay:      It affects your accuracy & damage with ranged weapons and melee
   (-4).
   rF:        It protects you from fire.
   rN:        It renders you almost immune to negative energy.
   +Blink:    It lets you blink.
 V - a ring of ice
 W - a ring of flight
 Y - a +6 ring of strength (on tentacle)
 Z - a +6 ring of strength (on tentacle)
Wands
 i - a wand of roots (30)
 q - a wand of digging (2)
 J - a wand of mindburst (9)
 P - a wand of acid (8)
 Q - a wand of flame (9)
 T - a wand of polymorph (5)
 X - a wand of charming (17)
Scrolls
 c - a scroll of butterflies
 g - 7 scrolls of vulnerability
 h - 4 scrolls of fog
 k - 7 scrolls of amnesia
 n - 2 scrolls of blinking
 o - 5 scrolls of enchant weapon
 w - a scroll of fear
 x - 7 scrolls of magic mapping
 A - 15 scrolls of teleportation
 B - 4 scrolls of enchant armour
 E - 2 scrolls of poison
 H - 3 scrolls of silence
 K - a scroll of torment
 L - 2 scrolls of immolation
Potions
 e - 3 potions of mutation
 j - 6 potions of heal wounds
 l - 3 potions of attraction
 p - a potion of resistance
 u - 4 potions of flight
 z - 3 potions of brilliance
 C - 2 potions of berserk rage
 D - 8 potions of ambrosia
 G - 6 potions of cancellation
 I - 4 potions of magic {unknown}
 R - 4 potions of curing
 U - 4 potions of might
Miscellaneous
 r - a phantom mirror
 s - a lightning rod (4/4)


   Skills:
 + Level 14.5 Fighting
 + Level 9.2 Dodging
 + Level 12.5 Unarmed Combat
 - Level 11.0 Spellcasting
 - Level 18.0 Transmutations
 - Level 3.0 Ice Magic
 - Level 2.0 Poison Magic
 - Level 6.0 Invocations
 - Level 5.4 Evocations


You had 12 spell levels left.
You knew the following spells:

 Your Spells              Type           Power      Damage    Failure   Level
a - Beastly Appendage     Tmut           100%       N/A       0%          1
b - Spider Form           Tmut/Pois      80%        N/A       1%          3
c - Ice Form              Ice/Tmut       100%       N/A       1%          4
d - Alistair's Intoxicat  Tmut/Pois      53%        N/A       1%          5
e - Eringya's Noxious Bo  Tmut/Pois      40%        N/A       4%          6
f - Dragon Form           Tmut           52%        N/A       1%          7

Your spell library contained the following spells:

 Spells                   Type           Power      Damage    Failure   Level
 Wereblood                Tmut           100%       N/A       0%          2
 Apportation              Tloc           44%        N/A       1%          1
 Freeze                   Ice            100%       1d10      1%          1
 Magic Dart               Conj           88%        1d7       1%          1
 Necrotise                Necr           88%        1d8       1%          1
 Sandblast                Erth           44%        2d11      1%          1
 Slow                     Hex            88%        N/A       1%          1
 Summon Small Mammal      Summ           88%        N/A       1%          1
 Ensorcelled Hibernation  Hex/Ice        100%       N/A       1%          2
 Passwall                 Tmut/Erth      63%        N/A       1%          2
 Frozen Ramparts          Ice            100%       1d16      1%          3
 Ozocubu's Armour         Ice            62%        N/A       1%          3
 Petrify                  Tmut/Erth      76%        N/A       1%          4
 Searing Ray              Conj           44%        2d6       2%          2
 Static Discharge         Conj/Air       44%        2-4/arc   2%          2
 Hailstorm                Conj/Ice       50%        3d11      2%          3
 Dazzling Flash           Conj/Hex       44%        N/A       4%          3
 Gell's Gravitas          Tloc           22%        N/A       4%          3
 Portal Projectile        Hex/Tloc       44%        N/A       4%          3
 Stone Arrow              Conj/Erth      44%        3d9       4%          3
 Swiftness                Air            22%        N/A       4%          3
 Vhi's Electric Charge    Tloc/Air       44%        N/A       4%          3
 Volatile Blastmotes      Fire/Tloc      66%        2d15      4%          3
 Cause Fear               Hex            11%        N/A       16%         4
 Fulminant Prism          Conj/Hex       11%        3d8       16%         4
 Iskenderun's Mystic Bla  Conj/Tloc      22%        2d6       16%         4
 Manifold Assault         Tloc           22%        N/A       16%         4
 Metabolic Englaciation   Hex/Ice        25%        N/A       24%         5
 Agony                    Necr           22%        N/A       41%         5
 Arcjolt                  Conj/Air       11%        1d21      41%         5
 Borgnjor's Vile Clutch   Necr/Erth      11%        N/A       41%         5
 Fireball                 Conj/Fire      16%        3d8       41%         5
 Iskenderun's Battlesphe  Conj           22%        2d8       41%         5
 Lee's Rapid Deconstruct  Erth           11%        3d8*      41%         5
 Summon Forest            Summ/Tloc      11%        N/A       41%         5
 Simulacrum               Ice/Necr       25%        N/A       78%         6
 Dispersal                Tloc           11%        N/A       94%         6
 Enfeeble                 Hex            11%        N/A       100%        7
 Borgnjor's Revivificati  Necr           11%        N/A       100%        8
 Maxwell's Capacitive Co  Air            11%        ∞         100%        8
 Chain Lightning          Conj/Air       11%        3d14      100%        9
 Dragon's Call            Summ           11%        N/A       100%        9


Dungeon Overview and Level Annotations

Branches:
Dungeon (15/15)            Temple (1/1) D:5            Lair (5/5) D:11
  Swamp (3/4) Lair:2       Spider (0/4) Lair:3        Slime (0/5) Lair:5
    Orc (2/2) D:11            Elf (0/3) Orc:2        Vaults (0/5) D:14
Gauntlet (visited)
 Depths: D:15

Altars:
Ashenzari
Cheibriados
Dithmenos
Elyvilon
Fedhas
Gozag
Hepliaklqana
Kikubaaqudgha
Makhleb
Nemelex Xobeh
Okawaru
Qazlal
Ru
Sif Muna
Trog
Uskayaw
Vehumet
Wu Jian
Xom
Yredelemnul
Zin
The Shining One

Shops:
D:2 *   D:5 *   D:7 *   D:8 [   D:10 =   D:12 *   Orc:2 [*=(

Portals:
Hell: Lair:5

Annotations:
D:3 1 runed translucent door, MoonlitKnight's ghost, amateur MfGl
D:7 exclusion: downstairs
D:9 exclusion: downstairs
D:11 exclusion: downstairs
Lair:3 exclusion: oklob plant
Orc:1 6 transporters


Innate Abilities, Weirdness & Mutations

You are a fearsome dragon!
You have a powerful clawing attack.
Your giant scaled body is strong and resiliant, but less evasive.
You can breathe fire.
You are flying.
Your maximum health is greatly increased.
Your armour is entirely melded.
You are incapable of wielding weapons or throwing items.
You cannot wear most types of armour.
You are amphibious.
You can wear up to eight rings at the same time.
((Your skin changes colour to match your surroundings (Stealth+).))
((Your rubbery body absorbs attacks. (AC +1, EV +1)))
((You are camouflaged when in or above water. (Stealth+)))
((You have tentacles for arms and can constrict up to eight enemies at once.))


Message History

Found a whip.
The swamp drake breathes poison at you.
You see here a stone.
Okay, then.
As you read the scroll of teleportation, it crumbles to dust.
You feel strangely unstable.
Found a stone staircase leading down.
You are no longer corroded.
Your surroundings suddenly seem different.
An eleionoma and a tentacled monstrosity come into view.
Found 31 gold pieces and a ring mail.
The eleionoma shouts!
The eleionoma hurls a spray of splinters at you.
The spray of wooden splinters hits you!!
* * * LOW HITPOINT WARNING * * *
Okay, then.
Blink to where?
Press: ? - help, Dir - move target
Found 19 gold pieces.
As you read the scroll of blinking, it crumbles to dust.
A spriggan comes into view. It is wielding a +0 rapier.
Okay, then.
You feel much better.
As you read the scroll of teleportation, it crumbles to dust.
You feel strangely unstable.
The spriggan shouts!
The eleionoma flows through the trees.
Your surroundings suddenly seem different.
The eleionoma flows through the trees.
The eleionoma hits you.
* * * LOW HITPOINT WARNING * * *
The tentacled monstrosity tentacle-slaps you but does no damage.
The tentacled monstrosity tentacle-slaps you.
* * * LOW HITPOINT WARNING * * *
The tentacled monstrosity tentacle-slaps you.
* * * LOW HITPOINT WARNING * * *
The tentacled monstrosity grabs you.
The tentacled monstrosity constricts you.
* * * LOW HITPOINT WARNING * * *
You fail to use your ability.
The eleionoma hits you!
You die...

*,,~♣.....*,,,,,,~..♣.§♣♣♣
**,,.~~~.$****,....~.....*
*~~......#####♣.~♣~..§~♣♣
**~~..........~.♣♣..~~.~♣
*,[..~~$.♣....~♣♣..~~♣.♣♣
*,~~..~...~..~~.~i~~>...♣♣
**.....~.~..~♣.~.~~~.....♣♣
*~..~.~..♣.~♣X..~~~.~÷÷~~~♣♣*
**,~♣♣.♣..,♣.D♣~.~~~~~÷<♣.....
*~,~*♣*♣♣~*♣R.~.~~~~~~~~.~~~..
**,** ♣♣*♣♣♣.~~.~.♣....~§†♣.
*** *♣.~~~...♣♣♣♣.~~~:.
*♣..[.~.~.~*~,....).
♣~~~~~~~~~...~~§~~~~
♣$~~~~§~~~~~~~~~~~~~
♣~§~~~~~~~~~.~~~~~§)
**.$.~~~~~~~§~~~.~~§


You could see a tentacled monstrosity, an eleionoma and a spriggan.

Vanquished Creatures
  A tentacled starspawn (Abyss:2)
  A fenstrider witch (Swamp:1)
  An orc warlord (Orc:2)
  Azrael (D:14)
  4 eleionomae
  A minotaur (Gauntlet)
  2 blizzard demons (Abyss:2)
  11 hydras
  2 ghost crabs
  7 boulder beetles
  A death knight (D:14)
  6 two-headed ogres
  6 alligators
  2 tengu warriors (D:14)
  4 thrashing horrors (Abyss:2)
  2 orc high priests (Orc:2)
  3 death yaks (D:11)
  Nergalle (D:10)
  A shock serpent (shapeshifter) (D:12)
  11 spriggans
  Sonja (Lair:5)
  3 skysharks
  3 wretched stars (Abyss:2)
  7 goliath frogs
  Lodul (D:10)
  A pharaoh ant (Lair:3)
  5 bog bodies
  A sixfirhy (Lair:5)
  2 glowing orange brains (Gauntlet)
  3 spriggan druids
  A deep troll (shapeshifter) (D:13)
  3 large abominations (Abyss:2)
  2 wizards
  A phantasmal warrior (D:14)
  Pikel (D:9)
  3 deep elf pyromancers
  A lindwurm (Lair:4)
  3 starcursed masses (Abyss:2)
  3 ugly things
  5 orc sorcerers
  3 orc knights
  4 cyclopes
  An oklob plant (Gauntlet)
  2 manticores
  4 will-o-the-wisps
  6 black mambas
  22 elephants
  2 torpor snails
  A smoke demon (Lair:5)
  Joseph (D:10)
  An ice statue (Gauntlet)
  17 cane toads
  3 orange demons (Lair:5)
  A gargoyle (D:12)
  2 kobold demonologists
  Maggie (D:10)
  12 rime drakes
  A minotaur zombie (Gauntlet)
  3 freezing wraiths (D:14)
  2 unseen horrors
  3 efreet
  A yaktaur (D:12)
  2 ice devils (Lair:5)
  21 komodo dragons
  A tengu conjurer (D:14)
  10 trolls
  A red devil (Lair:5)
  9 tyrant leeches
  A queen bee (D:11)
  A wolf spider simulacrum (D:14)
  4 polar bears
  11 hornets
  19 blink frogs
  6 slime creatures (D:12)
  3 jumping spiders (Lair:3)
  A flying skull (Abyss:2)
  A shadow (D:9)
  Sigmund (D:2)
  54 yaks
  A vampire (D:11)
  4 wyverns
  7 wraiths
  3 vampire mosquitoes
  3 fire elementals (D:14)
  2 basilisks
  Menkaure (D:6)
  A steam dragon (D:9)
  3 wargs
  9 hell hounds
  3 acid dragons
  7 swamp worms
  13 water moccasins
  31 orc warriors
  A swamp drake (Swamp:2)
  2 sky beasts (D:7)
  3 boggarts (D:14)
  15 ogres
  5 wolves
  A small abomination (Abyss:2)
  10 centaurs
  A lemure (D:9)
  2 phantoms
  2 kobold brigands
  Blork the orc (D:5)
  6 bullfrogs
  2 scorpions (D:5)
  26 killer bees
  3 howler monkeys (D:8)
  2 jellies
  A quasit (Abyss:2)
  A gnoll bouda (D:10)
  8 orc priests
  A hound (D:5)
  An iron imp (Abyss:2)
  A sleepcap (D:5)
  4 iguanas
  11 orc wizards
  6 hell rats (Lair:4)
  8 gnolls
  9 adders
  2 ufetubi (D:4)
  2 worms (D:2)
  A dart slug (D:1)
  65 orcs
  8 ball pythons
  9 endoplasms
  3 giant cockroaches
  3 goblins
  12 hobgoblins
  17 jackals
  3 quokkas (D:1)
  6 bats
  3 frilled lizards (D:1)
  9 kobolds
  7 rats
728 creatures vanquished.

Vanquished Creatures (others)
  Nikola (Swamp:2)
  2 bloated husks (Swamp:2)
  A swamp worm (Swamp:2)
  28 foxfires
  38 fungi
  41 plants
  2 starspawn tentacles (Abyss:2)
113 creatures vanquished.

Grand Total: 841 creatures vanquished

Notes
Turn   | Place    | Note
-------+----------+-------------------------------------------
     0 | D:1      | Fartwhistle the Octopode Transmuter began the quest for the
                  | Orb.
     0 | D:1      | Reached XP level 1. HP: 13/13 MP: 3/3
    75 | D:1      | Reached XP level 2. HP: 11/18 MP: 3/5
   276 | D:1      | Reached skill level 3 in Transmutations
   297 | D:1      | Reached XP level 3. HP: 23/23 MP: 6/6
   311 | D:1      | Learned a level 3 spell: Spider Form
   670 | D:2      | Found Gonk's General Store.
   678 | D:2      | Bought a scroll of identify for 24 gold pieces
   784 | D:2      | Reached XP level 4. HP: 23/28 MP: 6/8
   840 | D:2      | Noticed Sigmund
   851 | D:2      | Killed Sigmund
   852 | D:2      | Reached skill level 4 in Transmutations
   852 | D:2      | Reached XP level 5. HP: 30/33 MP: 3/9
  1011 | D:2      | Reached XP level 6. HP: 36/38 MP: 7/10
  1111 | D:2      | Reached skill level 5 in Transmutations
  1125 | D:2      | You fall into a shaft and drop 1 floor!
  1178 | D:3      | Found a sparkling altar of Nemelex Xobeh.
  2107 | D:3      | Found a runed translucent door.
  2522 | D:3      | Noticed MoonlitKnight's ghost (amateur MfGl)
  2642 | D:4      | Learned a level 4 spell: Ice Form
  2774 | D:4      | Reached XP level 7. HP: 43/43 MP: 12/12
  3359 | D:5      | Entered Level 5 of the Dungeon
  3359 | D:5      | Noticed Blork the orc
  3359 | D:5      | Found Ychel's Assorted Antiques.
  3599 | D:5      | Killed Blork the orc
  3600 | D:5      | Reached skill level 6 in Transmutations
  3600 | D:5      | Reached skill level 1 in Ice Magic
  4180 | D:5      | Reached XP level 8. HP: 51/51 MP: 11/14
  4307 | D:5      | Reached skill level 7 in Transmutations
  4368 | D:5      | Found an ornate altar of the Wu Jian Council.
  4474 | D:5      | Found a staircase to the Ecumenical Temple.
  4484 | Temple   | Entered the Ecumenical Temple
  4618 | Temple   | Became a worshipper of Cheibriados the Contemplative
  5460 | D:6      | Noticed Menkaure
  5473 | D:6      | Killed Menkaure
  5474 | D:6      | Reached skill level 1 in Invocations
  5857 | D:7      | Reached skill level 5 in Spellcasting
  6054 | D:7      | Reached skill level 5 in Unarmed Combat
  6054 | D:7      | Reached XP level 9. HP: 58/58 MP: 7/16
  6183 | D:7      | Reached * piety under Cheibriados
  6231 | D:7      | Found Nituhedu's Assorted Antiques.
  6239 | D:7      | Bought a copper wand for 76 gold pieces
  6239 | D:7      | Bought a wand of mindburst (3) for 79 gold pieces
  6817 | D:8      | Found Reynepaqut's Armour Emporium.
  6817 | D:8      | Noticed a troll
  6936 | D:8      | Reached skill level 5 in Fighting
  6941 | D:8      | Reached ** piety under Cheibriados
  7295 | D:8      | Noticed a boulder beetle
  7326 | D:8      | Killed a boulder beetle
  7327 | D:8      | Reached XP level 10. HP: 24/68 MP: 19/19
  7498 | D:8      | Found an ancient bone altar of Kikubaaqudgha.
  7721 | D:8      | Reached skill level 5 in Invocations
  8593 | D:9      | Noticed Pikel
  8615 | D:9      | Killed Pikel
  8615 | D:9      | Reached *** piety under Cheibriados
  8616 | D:9      | Reached skill level 8 in Transmutations
  9035 | D:9      | Found a stormy altar of Qazlal.
  9476 | D:9      | Noticed a catoblepas
  9476 | D:9      | Noticed a wizard
  9579 | D:10     | Entered Level 10 of the Dungeon
  9624 | D:10     | Noticed a two-headed ogre
  9624 | D:10     | Noticed Nergalle
  9906 | D:10     | Noticed Joseph
  9930 | D:10     | HP: 3/70 [Joseph/sling bullet (20)]
  9934 | D:10     | Killed Joseph
  9935 | D:10     | Reached XP level 11. HP: 13/77 MP: 16/21
 10151 | D:10     | Noticed Lodul
 10265 | D:10     | Noticed Maggie
 10281 | D:10     | Killed a two-headed ogre
 10284 | D:10     | Killed Maggie
 10447 | D:10     | Noticed a two-headed ogre
 10457 | D:10     | Killed a two-headed ogre
 10586 | D:10     | Found Gucuprod's Jewellery Emporium.
 11029 | D:10     | Killed Lodul
 11036 | D:10     | Reached **** piety under Cheibriados
 11055 | D:10     | Killed Nergalle
 11318 | D:10     | Found a portal to a secret trove of treasure.
 11433 | D:8      | Noticed a two-headed ogre
 11445 | D:8      | Killed a two-headed ogre
 11568 | D:2      | Bought a scroll of fear for 48 gold pieces
 11568 | D:2      | Bought a scroll of fear for 48 gold pieces
 11777 | D:10     | You paid a toll of 5 scrolls of fear to enter a treasure
                  | trove
 11778 | Trove    | Entered a treasure trove
 11792 | Trove    | Got Fuphanoenu's Compilation of the Switch
 11807 | Trove    | Got Diuvuefu's Grimoire of the Rotting Snowflakes
 11810 | Trove    | Got Sif Muna's Parchment of the Radiant Vector
 11819 | Trove    | Got Sif Muna's Catalogue of Concussion and Fascination
 11840 | Trove    | Got the Omnibus of the Disjunct Arsonist
 11859 | Trove    | Learned a level 5 spell: Alistair's Intoxication
 12098 | D:11     | Reached skill level 5 in Dodging
 12098 | D:11     | Reached skill level 1 in Evocations
 12250 | D:11     | Reached XP level 12. HP: 71/87 MP: 14/24
 12292 | D:11     | Reached ***** piety under Cheibriados
 12397 | D:11     | Noticed a death yak
 12398 | D:11     | Noticed a death yak
 12398 | D:11     | Noticed a death yak
 12406 | D:11     | Reached skill level 10 in Fighting
 12410 | D:11     | Killed a death yak
 12412 | D:11     | Killed a death yak
 12414 | D:11     | Killed a death yak
 12512 | D:11     | Found a staircase to the Lair.
 12881 | D:11     | Reached skill level 9 in Transmutations
 13039 | D:11     | Found a staircase to the Orcish Mines.
 13279 | D:11     | Learned a level 6 spell: Eringya's Noxious Bog
 13311 | D:12     | Noticed a boulder beetle
 13623 | D:12     | Noticed a two-headed ogre
 13633 | D:12     | Killed a two-headed ogre
 13778 | D:12     | Noticed a two-headed ogre
 13784 | D:12     | Killed a two-headed ogre
 13808 | D:12     | Reached skill level 5 in Evocations
 14469 | D:12     | Found Icwarr's General Store.
 14478 | D:12     | Bought a scroll of teleportation for 48 gold pieces
 14478 | D:12     | Bought a potion of might for 64 gold pieces
 14515 | Lair:1   | Entered Level 1 of the Lair of Beasts
 14870 | Lair:1   | Noticed a boulder beetle
 14886 | Lair:1   | Killed a boulder beetle
 14887 | Lair:1   | Reached skill level 10 in Transmutations
 14887 | Lair:1   | Reached XP level 13. HP: 50/95 MP: 17/25
 15191 | Lair:1   | Found an ornate altar of the Wu Jian Council.
 15194 | Lair:1   | Found a hide-covered altar of Uskayaw.
 15888 | Lair:1   | Learned a level 7 spell: Dragon Form
 16005 | Lair:2   | Reached skill level 11 in Transmutations
 16476 | Lair:2   | Reached skill level 12 in Transmutations
 16770 | Lair:2   | Found a staircase to the Swamp.
 17426 | Lair:2   | Reached skill level 13 in Transmutations
 17607 | Lair:3   | Reached ****** piety under Cheibriados
 18022 | Lair:3   | Found a hole to the Spider Nest.
 18029 | Lair:3   | Reached skill level 14 in Transmutations
 18029 | Lair:3   | Reached XP level 14. HP: 101/101 MP: 26/26
 19260 | Lair:4   | Reached skill level 15 in Transmutations
 20091 | Lair:5   | Entered Level 5 of the Lair of Beasts
 20127 | Lair:5   | Reached skill level 16 in Transmutations
 20314 | Lair:5   | Noticed Sonja
 20631 | Lair:5   | Found a staircase to the Slime Pits.
 20950 | Lair:5   | Reached skill level 17 in Transmutations
 21463 | Lair:5   | Reached XP level 15. HP: 107/107 MP: 20/27
 21762 | Abyss:2  | Cast into level 2 of the Abyss (a wizard)
 21778 | Abyss:2  | Noticed a tentacled starspawn
 21785 | Abyss:2  | Killed a tentacled starspawn
 22018 | Abyss:2  | Found a corrupted altar of Lugonu.
 22032 | Lair:5   | Escaped the Abyss
 22038 | Lair:5   | Found a burning altar of Makhleb.
 22153 | Lair:5   | Found a gateway to Hell.
 22160 | Lair:5   | Identified the +0 helmet "Leregunk" {Int+7}
 22423 | Abyss:2  | Cast into level 2 of the Abyss (Sonja)
 22455 | Lair:5   | Escaped the Abyss
 22463 | Lair:5   | Killed Sonja
 23876 | D:14     | Found a gate leading to a gauntlet.
 23888 | Gauntlet | Entered a Gauntlet
 23888 | Gauntlet | Found a transporter.
 23893 | Gauntlet | Found a transporter.
 23895 | Gauntlet | Found a transporter.
 23908 | Gauntlet | Found a runed translucent gate.
 23908 | Gauntlet | Found a runed translucent gate.
 23908 | Gauntlet | Found a runed translucent gate.
 23911 | Gauntlet | Found a transporter.
 23914 | Gauntlet | Found a transporter.
 23925 | Gauntlet | Found a transporter.
 23943 | Gauntlet | Found a transporter.
 23950 | Gauntlet | Found a transporter.
 23964 | Gauntlet | Found a transporter.
 23985 | Gauntlet | Found a transporter.
 23998 | Gauntlet | Found a transporter.
 24000 | Gauntlet | Found a transporter.
 24052 | Gauntlet | Found a transporter.
 24060 | Gauntlet | Found a runed translucent door.
 24064 | Gauntlet | Found a runed translucent door.
 24066 | Gauntlet | Found a transporter.
 24148 | Gauntlet | Identified the ring of the Blind Eye {+Blink rF+ rN+++
                  | Str-5 Slay-4}
 24452 | Gauntlet | Identified the +3 spear of Uncomfortable Rashes {speed,
                  | Str+2 Dex+3 Stlth+}
 24536 | D:14     | Reached skill level 10 in Unarmed Combat
 24738 | D:14     | Found a gate to the Vaults.
 24758 | D:14     | Noticed Azrael
 24778 | D:14     | Killed Azrael
 25493 | D:14     | Reached XP level 16. HP: 116/116 MP: 21/29
 25874 | D:15     | Entered Level 15 of the Dungeon
 25958 | D:13     | Reached skill level 18 in Transmutations
 26064 | D:12     | Reached skill level 10 in Spellcasting
 26189 | D:12     | Identified the +3 chain mail of a Million Ears {rC++ rCorr}
 26404 | Orc:1    | Entered Level 1 of the Orcish Mines
 26637 | Orc:1    | Found a transporter.
 26637 | Orc:1    | Found a sparkling altar of Nemelex Xobeh.
 26833 | Orc:1    | Found a transporter.
 26834 | Orc:1    | Found a transporter.
 26834 | Orc:1    | Found a transporter.
 26852 | Orc:1    | Noticed a juggernaut
 26854 | Orc:1    | Found a transporter.
 26858 | Orc:1    | Found a transporter.
 26940 | Orc:2    | Entered Level 2 of the Orcish Mines
 26993 | Orc:2    | Found a staircase to the Elven Halls.
 27168 | Orc:2    | Found Baigh's Jewellery Emporium.
 27198 | Orc:2    | Found Uliahe's Antique Weapon Shop.
 27381 | Orc:2    | Found Zamumeur's General Store.
 27675 | Orc:2    | Found Qez Zask's Antique Armour Shoppe.
 28008 | D:10     | Bought the ring "Sestroho" {rElec rF+ Str+6 Int+4} for 1046
                  | gold pieces
 28179 | Swamp:1  | Entered Level 1 of the Swamp
 29292 | Swamp:1  | Noticed a fenstrider witch
 29301 | Swamp:1  | Killed a fenstrider witch
 29661 | Swamp:2  | Noticed Nikola
 29680 | Swamp:2  | Killed Nikola
 30171 | Swamp:2  | Identified a scroll of acquirement
 30197 | Swamp:2  | Acquired the +1 hat of Nuoluqint {rN+ Int+3}
 30991 | Swamp:3  | Reached XP level 17. HP: 125/125 MP: 25/32
 31347 | Swamp:3  | Noticed a tentacled monstrosity
 31347 | Swamp:3  | HP: 2/189 [eleionoma/spray of wooden splinters (21)]
 31352 | Swamp:3  | HP: 4/189 [constriction (6)]
 31353 | Swamp:3  | Mangled by an eleionoma

Illustrated notes

Levels and vault maps discovered:
D:1:      tarquinn_simple_flora_water_a, layout_loops_ring
D:2:      minmay_general_purpose_star, layout_basic, serial_shops, shop,
          minmay_crystal_water, minmay_misc_feat_enclosed, uniq_sigmund
D:3:      layout_basic, mainiacjoe_overflow_boulevard,
          ebering_ghost_reflecting_pool, serial_glass, glass_columns_a,
          glass_columns_b, glass_columns_b, glass_columns_b, glass_columns_c,
          glass_columns_a
D:4:      layout_basic
D:5:      layout_rooms, pdpol_wu_jian_five_deadly_venoms,
          minmay_temple_entry_sparse_star, serial_shops, shop, chequers_jeans,
          uniq_blork_the_orc
D:6:      layout_loops_corners, uniq_menkaure
D:7:      layout_gridville, serial_shops, shop
D:8:      layout_basic, mainiacjoe_overflow_small_starburst, serial_shops, shop
D:9:      layout_layer_cave, nicolae_qazlal_style_of_elements, grunt_tough_drop,
          uniq_pikel
D:10:     layout_roguey, serial_shops, kennysheep_little_box,
          nicolae_trove_entry_columns, uniq_lodul, uniq_nergalle, uniq_joseph,
          uniq_maggie
D:11:     layout_gridville, dpeg_lair_monsters, orc_0_dummy, special_room
          [special_room_bee]
D:12:     hangedman_arrow_trap, layout_cave_pods, serial_shops, shop_statue
D:13:     layout_basic
D:14:     layout_gridville, david_vaults_1, gauntlet_entry_generic,
          kennysheep_crisscross, uniq_azrael
D:15:     grunt_enter_depths_snipers, layout_loops_ring, kennysheep_doodads,
          uniq_roxanne
Temple:   regret_index_temple_chain_breaker
Lair:1:   layout_cave_pods, nzn_masters_of_martial_movement, grunt_megastairs_4
Lair:2:   layout_chaotic_city, minmay_swamp_entry_worms, beast_lair_carwin_1
Lair:3:   layout_regular_city, nicolae_spider_entry_lesser_pyramids,
          grunt_forest_small_clearing_treed, infiniplex_staircase_pool_2,
          grunt_megastairs_5
Lair:4:   layout_small_grid, grunt_megastairs_3
Lair:5:   evil_forest, layout_cave_pods, nicolae_slime_entry_slimehenge,
          uniq_sonja
Swamp:1:  layout_basic_swamp, nicolae_swamp_feature_on_the_river_bank,
          swamp_pool4, infiniplex_staircase_pool
Swamp:2:  layout_basic_swamp, nicolae_swamp_some_circles, swamp_pool4,
          ldierk_geyser, uniq_nikola
Swamp:3:  layout_basic_swamp, hangedman_swamp_ruin_wall
Orc:1:    layout_diamond_mine, hellmonk_jugg_or_not
Orc:2:    grunt_orc_gardens, layout_caves, grunt_orc_garden, grunt_orc_garden,
          grunt_orc_garden, grunt_orc_garden, nicolae_orc_pool_cavern

Skill      XL: |  1  2  3  4  5  6  7  8  9 10 11 12 13 14 15 16 17 |
---------------+----------------------------------------------------+-----
Transmutations | 3 4 5 6 7 8 10 14 17 18 | 18.0
Spellcasting   | 3 4 5 6 7 8 9 11 | 11.0
Poison Magic   | 2 |  2.0
Ice Magic      | 1 2 3 |  3.0
Fighting       | 2 3 6 7 9 11 12 14 | 14.5
Unarmed Combat | 5 6 7 8 10 12 | 12.5
Invocations    | 2 4 6 |  6.0
Dodging        | 5 7 8 9 |  9.2
Evocations     | 1 5 |  5.4

Action                     |  1- 3 |  4- 6 |  7- 9 | 10-12 | 13-15 | 16-18 || total
---------------------------+-------+-------+-------+-------+-------+-------++-------
  Melee: Unarmed           |    85 |   165 |   233 |   427 |   659 |   228 ||  1797
         Kick              |    14 |       |       |       |       |       ||    14
         Tentacles         |    16 |    16 |    14 |       |    40 |    13 ||    99
         Constrict         |    25 |    20 |    10 |       |    11 |     8 ||    74
         Punch             |     3 |     5 |     2 |     3 |    32 |    17 ||    62
         Bite              |       |       |       |       |    39 |    22 ||    61
         Tailslap          |       |       |       |       |    35 |    25 ||    60
  Throw: Dart              |       |       |     5 |     3 |       |       ||     8
   Cast: Beastly Appendage |     7 |     1 |       |     3 |     1 |     1 ||    13
         Spider Form       |       |     9 |     6 |     3 |       |       ||    18
         Ice Form          |       |       |    18 |    38 |    28 |       ||    84
         Alistair's Intoxi |       |       |       |     1 |       |       ||     1
         Dragon Form       |       |       |       |       |    37 |    33 ||    70
 Invoke: Temporal Distorti |       |       |       |     3 |       |       ||     3
         Slouch            |       |       |       |     4 |     6 |     8 ||    18
Ability: Breathe Fire      |       |       |       |       |     1 |     3 ||     4
         End Transformatio |       |       |       |       |       |     1 ||     1
  Evoke: Wand              |       |       |     2 |    17 |       |     1 ||    20
    Use: Scroll            |     1 |     6 |     1 |     5 |    13 |     9 ||    35
         Potion            |       |       |       |     5 |       |     2 ||     7
   Stab: Sleeping          |     3 |     4 |     2 |       |     6 |     1 ||    16
         Invisible         |       |       |       |     4 |       |       ||     4
         Distracted        |       |       |       |       |     1 |     2 ||     3
 Armour: Skin              |     6 |    11 |    37 |   107 |   134 |    89 ||   384
  Dodge: Dodged            |    64 |   153 |   193 |   528 |   833 |   358 ||  2129
